Map: NeoHumanity LE

Players

psigo

  • Race: Zerg Zerg
  • League: Platinum
  • Spawn Location: 5:00

turdburglar - Winner!

  • Race: Terran Terran
  • League: Platinum
  • Spawn Location: 11:00

VOD

Have the link to the VOD?

Description

tvz, I am 2866 terran

Time

  • Played on: Aug. 19, 2023, 6:10 p.m.
  • Length: 22:00
Show
View Real Time Build Order
Export as new Build Order

psigo Zerg 

Build Orders: Hatch First 

Get SALT Encoding   

  12  0:01  Drone  
  13  0:08  Drone  
  14  0:21  Overlord  
  14  0:47  Hatchery  
  13  0:53  Drone  
  14  1:05  Spawning Pool  
  14  1:09  Drone  
  14  1:13  Drone  
  15  1:19  Drone  
  16  1:33  Drone x2  
  18  2:02  Drone x2  
  18  2:03  Queen  
  18  2:06  Overlord  
  22  2:16  Hatchery  
  22  2:19  Extractor  
  20  2:27  Hatchery  
  19  2:31  Drone x2  
  19  2:37  Drone  
  22  2:39  Queen  
  24  2:56  Drone x2  
  26  3:13  Drone  
  27  3:22  Drone x3  
  27  3:25  Overlord  
  30  3:32  Metabolic Boost  
  30  3:38  Drone x2  
  32  3:41  Drone x2  
  32  3:43  Queen  
  32  3:44  Queen  
  38  3:53  Drone x6  
  44  4:10  Drone  
  44  4:11  Drone x5  
  44  4:16  Extractor  
  49  4:17  Extractor  
  49  4:20  Drone x2  
  49  4:22  Overlord x3  
  50  4:31  Lair  
  50  4:41  Overlord x4  
  50  4:47  Drone x3  
  50  4:48  Drone x3  
  56  4:53  Spore Crawler  
  56  4:55  Spore Crawler  
  56  4:57  Spore Crawler  
  53  5:02  Zergling x12  
  41  5:26  Drone x9  
  41  5:27  Drone x2  
  51  5:33  Drone  
  52  5:39  Drone x2  
  50  5:59  Roach Warren  
  50  6:01  Drone x6  
  55  6:06  Extractor  
  55  6:08  Extractor  
  53  6:11  Drone  
  53  6:12  Drone x7  
  61  6:19  Drone x5  
  66  6:27  Spine Crawler  
  66  6:29  Spine Crawler  
  66  6:31  Spine Crawler  
  63  6:33  Spine Crawler  
  63  6:36  Drone  
  63  6:37  Spine Crawler, Drone x3  
  65  6:42  Glial Reconstitution  
  59  7:12  Drone x5  
  59  7:13  Drone x2  
  65  7:16  Drone x4  
  65  7:17  Drone  
  65  7:20  Drone x3  
  73  7:24  Burrow  
  73  7:27  Overlord x4  
  73  7:28  Overlord  
  73  7:33  Spore Crawler  
  72  7:58  Zergling x2  
  72  7:59  Roach  
  72  8:00  Roach x9, Tunneling Claws  
  93  8:11  Evolution Chamber x2  
  93  8:13  Roach x5  
  93  8:17  Roach x6  
  93  8:18  Roach  
  115  8:20  Overseer  
  115  8:28  Roach  
  115  8:29  Roach x2  
  121  8:41  Roach x6  
  133  8:45  Zerg Missile Weapons Level 1, Zerg Ground Armor Level 1  
  128  9:03  Roach x2  
  128  9:04  Roach x3  
  138  9:11  Overlord  
  138  9:12  Overlord x7  
  138  9:35  Roach  
  138  9:36  Roach x6  
  152  9:39  Roach x29  
  150  9:55  Roach  
  150  9:56  Roach x8  
  168  10:00  Roach x23  
  148  10:24  Roach  
  148  10:25  Roach x7  
  126  10:37  Baneling Nest  
  125  10:43  Roach x6  
  137  11:09  Roach, Hatchery  
  137  11:10  Roach x11  
  160  11:12  Hatchery  
  159  11:19  Zerg Missile Weapons Level 2, Zerg Ground Armor Level 2  
  159  11:21  Centrifugal Hooks  
  159  11:30  Roach  
  159  11:31  Roach x8  
  171  11:56  Zergling x2  
  171  11:57  Zergling x20  
  178  12:19  Zergling x18  
  182  12:35  Zergling x2  
  182  12:36  Zergling x18  
  124  12:52  Drone  
  124  12:53  Drone x11  
  124  12:54  Queen  
  124  12:56  Queen  
  116  13:03  Zergling x2  
  116  13:04  Zergling x8  
  121  13:07  Baneling x2  
  121  13:08  Baneling x12  
  121  13:09  Baneling x3  
  115  13:31  Zergling x2  
  115  13:32  Zergling x30  
  131  13:55  Baneling x8  
  131  13:56  Baneling x9  
  131  13:59  Overseer  
  131  14:01  Pneumatized Carapace  
  131  14:05  Roach  
  131  14:06  Roach x18  
  169  14:19  Infestation Pit  
  169  14:22  Zerg Melee Weapons Level 1  
  168  14:27  Roach x3  
  168  14:28  Roach x13  
  178  15:02  Zergling x2  
  178  15:03  Zergling x34  
  193  15:28  Roach x14  
  144  15:52  Zergling x2  
  144  15:53  Zergling x58  
  138  16:09  Roach x7  
  144  16:17  Baneling  
  144  16:18  Baneling x14  
  136  16:19  Baneling x9  
  116  16:34  Roach x14  
  116  16:35  Roach x3  
  148  16:55  Hive  
  148  16:57  Hatchery  
  148  17:01  Drone  
  148  17:03  Zergling x2  
  148  17:04  Zergling x30  
  164  17:10  Roach x29  
  164  17:15  Baneling x10  
  136  17:49  Roach x3, Baneling  
  136  17:50  Roach x3  
  136  17:51  Roach x4  
  130  17:52  Roach  
  130  17:53  Roach x5, Zergling x2  
  130  17:54  Roach, Zergling x40  
  130  17:55  Zergling x14  
  130  17:56  Roach  
  158  18:07  Baneling x2  
  158  18:08  Baneling x29  
  158  18:09  Baneling  
  158  18:11  Roach  
  158  18:12  Roach x7  
  101  18:44  Roach  
  101  18:45  Roach x11  
  98  19:07  Zergling x2  
  98  19:08  Zergling x16  
  71  19:30  Infestor  
  71  19:31  Infestor x7  
  66  19:34  Queen  
  74  20:02  Spawning Pool  
  74  20:05  Extractor  
  74  20:06  Extractor  
Show
View Real Time Build Order
Export as new Build Order

turdburglar Terran - Winner!

Build Orders:  

Get SALT Encoding   

  12  0:00  SCV  
  13  0:12  SCV  
  14  0:17  Supply Depot  
  14  0:24  SCV  
  15  0:38  SCV  
  15  0:40  Barracks  
  16  0:45  Refinery  
  16  0:50  SCV  
  17  1:03  SCV  
  18  1:15  SCV  
  19  1:27  Marine  
  19  1:29  Orbital Command  
  20  1:37  Supply Depot  
  20  1:44  Marine  
  21  2:03  Barracks Reactor  
  21  2:15  SCV, Command Center  
  22  2:27  Factory  
  22  2:29  SCV  
  23  2:36  Refinery  
  23  2:41  SCV, Marine x2  
  26  2:53  SCV  
  27  3:06  SCV  
  27  3:12  Starport  
  28  3:20  Barracks Tech Lab  
  28  3:22  Hellion  
  30  3:27  Hellion  
  30  3:28  Supply Depot  
  30  3:32  SCV  
  33  3:44  SCV  
  33  3:47  Hellion  
  36  3:48  Stimpack  
  36  3:50  Viking  
  36  3:54  Orbital Command  
  38  3:56  SCV  
  39  4:08  SCV, Hellion  
  39  4:09  Hellion  
  44  4:11  Marine  
  44  4:20  SCV  
  44  4:22  Supply Depot  
  45  4:31  SCV  
  46  4:32  SCV  
  46  4:33  Hellion x2  
  51  4:43  SCV, Marine  
  51  4:45  SCV, Liberator  
  57  4:54  Command Center  
  57  4:55  SCV  
  57  4:57  SCV  
  57  4:58  Hellion  
  61  5:07  SCV  
  62  5:14  SCV  
  54  5:28  SCV x2  
  54  5:31  Starport Reactor  
  56  5:40  SCV x2, Barracks x2  
  54  5:50  Factory Reactor  
  54  5:54  SCV  
  54  5:55  SCV  
  55  5:59  Refinery  
  55  6:01  Refinery  
  55  6:05  Engineering Bay x2  
  55  6:06  SCV  
  55  6:07  SCV  
  57  6:14  Marine  
  58  6:18  Supply Depot  
  58  6:19  SCV x2  
  58  6:21  Combat Shield, Supply Depot  
  58  6:23  Starport Reactor  
  60  6:27  Orbital Command  
  60  6:35  Barracks  
  60  6:37  Barracks  
  60  6:41  Marine  
  60  6:44  Widow Mine x2  
  65  6:50  SCV x2  
  67  6:56  SCV  
  67  6:59  Marine  
  69  7:02  SCV x2  
  69  7:07  Marine x4  
  69  7:08  SCV, Widow Mine  
  75  7:09  Medivac x2, Widow Mine  
  75  7:14  SCV x2  
  77  7:16  Terran Infantry Armor Level 1, Terran Infantry Weapons Level 1  
  77  7:17  Marine  
  77  7:21  Supply Depot  
  79  7:23  Supply Depot  
  79  7:25  Barracks Reactor  
  79  7:26  SCV, Barracks Reactor, Marine  
  79  7:27  SCV, Marine x3  
  85  7:35  Marine  
  85  7:41  SCV x2  
  87  7:45  Marine x3  
  87  7:46  Medivac, Widow Mine  
  87  7:47  Medivac, Widow Mine  
  87  7:48  Orbital Command  
  98  7:53  SCV  
  98  7:56  SCV  
  100  8:00  Supply Depot  
  100  8:02  Supply Depot  
  100  8:05  SCV, Marine  
  100  8:06  Marine x7  
  109  8:20  Supply Depot  
  109  8:21  Supply Depot  
  109  8:22  SCV x3  
  109  8:23  Marine x4  
  109  8:24  Marine x2  
  119  8:34  SCV x2  
  119  8:35  SCV  
  121  8:42  Supply Depot  
  121  8:44  Supply Depot  
  112  9:03  Marine x9  
  112  9:05  Widow Mine x2  
  125  9:12  Factory  
  125  9:18  SCV x3  
  125  9:21  Marine  
  129  9:26  Armory  
  129  9:30  SCV x2  
  131  9:35  Factory Tech Lab, Barracks  
  131  9:40  Barracks, Marine  
  131  9:41  Marine x8  
  131  9:42  Medivac  
  131  9:43  Medivac  
  144  9:49  Barracks  
  144  9:57  Siege Tank  
  144  9:59  Factory Tech Lab  
  135  10:57  Command Center  
  135  11:04  Command Center  
  135  11:07  Siege Tank, Marine x8  
  135  11:08  Siege Tank  
  149  11:18  Terran Infantry Weapons Level 2  
  149  11:19  Terran Infantry Armor Level 2  
  149  11:40  Marine  
  149  11:43  Marine x3  
  149  11:46  Marine  
  149  11:48  Marine  
  149  11:49  Medivac  
  149  12:02  SCV x3, Medivac, Marine x3  
  157  12:08  Marine  
  157  12:09  Siege Tank x2, Marine x3  
  157  12:14  SCV  
  165  12:34  Marine  
  165  12:35  Marine x8  
  135  12:52  Marine x2  
  135  12:53  Marine x7  
  135  12:54  Siege Tank x2  
  135  12:55  Medivac x2  
  153  13:02  SCV x3  
  156  13:10  Marine  
  157  13:14  SCV  
  157  13:19  Marine x4  
  159  13:20  Marine x2  
  164  13:27  Marine  
  165  13:35  Command Center  
  165  13:37  Barracks  
  165  13:39  Barracks Reactor  
  165  13:41  Terran Infantry Weapons Level 3, Terran Infantry Armor Level 3  
  165  13:55  Planetary Fortress  
  165  13:57  SCV x3  
  168  14:03  Marine x2  
  168  14:04  Marine x2  
  168  14:07  Barracks Reactor  
  172  14:18  Supply Depot  
  172  14:19  Supply Depot  
  172  14:23  SCV x3, Marine x5  
  172  14:24  Supply Depot, Marine  
  181  14:39  Marine x6  
  181  14:41  Barracks Tech Lab  
  152  15:03  Marine  
  152  15:04  Marine x7  
  104  15:56  Marine x14  
  88  16:13  Marine x2  
  88  16:14  Marine x10  
  88  16:18  Orbital Command  
  98  16:25  Marine  
  98  16:26  Marine  
  98  16:27  Siege Tank x2  
  98  16:28  Medivac x2  
  98  16:30  Marine  
  98  16:31  Marine  
  98  16:32  Marine x4  
  109  16:35  Planetary Fortress  
  109  16:36  Orbital Command  
  109  16:41  Marine  
  109  16:42  Marine x5  
  109  16:43  Marine x2  
  109  16:45  Refinery  
  109  16:47  Refinery  
  117  16:48  Barracks, Marine  
  117  16:50  Missile Turret  
  117  16:51  Barracks  
  117  16:53  Barracks  
  118  17:06  Missile Turret  
  118  17:07  SCV x4  
  122  17:09  Missile Turret, Hi-Sec Auto Tracking, Neosteel Armor  
  122  17:19  SCV x2  
  122  17:21  Marauder  
  122  17:22  Marine x8  
  127  17:41  Marine x2  
  127  17:42  Marine x7  
  127  17:43  Marauder  
  129  17:59  Barracks Tech Lab  
  129  18:04  Marauder  
  129  18:05  Marine x12  
  132  18:07  Barracks Tech Lab  
  138  18:25  Marauder  
  111  18:43  Marine x7  
  117  18:53  Marine  
  117  18:55  Marine x2  
  117  19:08  Marine  
  117  19:09  Marine  
  117  19:12  Marine  
  117  19:16  Marine x2  
  117  19:31  Medivac x2, Marauder, Marine x11  
  117  19:34  Marine  
  117  19:35  Siege Tank  
  117  19:37  Orbital Command  
  131  19:53  Marauder  
  133  20:05  Siege Tank, Marine x5  
  141  20:19  Marine  
  141  20:23  Marine  
  141  20:45  Marine  
  141  20:46  Marine  
  141  20:47  Marine  
  141  20:51  Marine x2  
  141  20:52  Marine x2  
  141  20:53  Marine  
  141  20:55  Marine x6  
  137  21:05  Orbital Command  
Tags
 
Add a new tag
Caveats
  • Supply blocks, unpowered buildings, or Contaminate may cause inaccurate times.
  • Supply counts are checked every 10 seconds.